 Dungeon Crawl Stone Soup version 0.27-a0-535-g7eaf864cf9 (webtiles) character file.

Game seed: 14643262011487938764

6668 Morbidden the Skirmisher (level 10, -20/79 HPs)
             Began as a Demonspawn Fighter on Mar 6, 2021.
             Was a Priest of Cheibriados.
             Killed from afar by a molten gargoyle (22 damage)
             ... with a bolt of magma
             ... on level 9 of the Dungeon.
             The game lasted 00:20:10 (11525 turns).

Morbidden the Skirmisher (Demonspawn Fighter)      Turns: 11525, Time: 00:20:11

Health: -20/79     AC: 23    Str: 23    XL:     10   Next: 73%
Magic:  0/17       EV:  8    Int: 21    God:    Cheibriados [***...]
Gold:   1034       SH: 11    Dex: 19    Spells: 18/18 levels left

rFire    . . .     SeeInvis +   b - +2 dagger (venom)
rCold    . . .     Faith    .   c - +0 kite shield
rNeg     . . .     Spirit   +   M - +0 chain mail
rPois    .         Reflect  .   x - +0 helmet
rElec    .         Harm     .   J - +0 cloak
rCorr    .         Rampage  .   F - +0 pair of gloves
Will     .....                  (no boots)
Stlth    ..........             (no amulet)
HPRegen  0.23/turn              k - ring of see invisible
MPRegen  0.30/turn              q - +4 ring of protection

@: sanguine armoured, very slow
A: talons 2, magic shield, magic regeneration, sanguine armour 1
a: Renounce Religion, Bend Time, Temporal Distortion


You were on level 9 of the Dungeon.
You worshipped Cheibriados.
Cheibriados was most pleased with you.
You visited 2 branches of the dungeon, and saw 10 of its levels.
You also visited: Bailey.

You collected 1034 gold pieces.

Inventory:

Hand Weapons
 a - a +0 fustibalus
 b - a +2 dagger of venom (weapon)
 A - a +0 long sword
Missiles
 h - 4 silver javelins
 j - 8 boomerangs
 m - 36 sling bullets
 n - 112 stones
 p - 2 javelins
 w - 6 poisoned darts (quivered)
 B - 5 silver boomerangs
Armour
 c - a +0 kite shield (worn)
 x - a +0 helmet (worn)
 F - a +0 pair of gloves (worn)
 J - a +0 cloak (worn)
 M - a +0 chain mail (worn)
Jewellery
 k - a ring of see invisible (left hand)
 q - a +4 ring of protection (right hand)
 I - a ring of ice
 K - a +6 ring of intelligence
Wands
 y - a wand of polymorph (2)
 L - a wand of digging (3)
Scrolls
 f - 4 scrolls of amnesia
 g - 2 scrolls of identify
 l - a scroll of magic mapping
 o - a scroll of blinking {unknown}
 s - 2 scrolls of random uselessness
 u - a scroll of acquirement {unknown}
 C - 3 scrolls of fog
 E - a scroll of teleportation
 G - a scroll of noise {unknown}
 H - 2 scrolls of immolation
Potions
 d - 2 potions of might
 i - a potion of lignification
 r - a potion of mutation
 v - a potion of magic
 z - a potion of attraction
 N - a potion of flight {unknown}
Miscellaneous
 e - a box of beasts (inert)
 t - a condenser vane (inert)


   Skills:
 * Level 7.0 Fighting
 + Level 3.1(4.9) Short Blades
 * Level 6.0(6.3) Long Blades
 + Level 6.5(6.6) Slings
 + Level 0.7(4.1) Throwing
 + Level 5.0 Armour
 * Level 4.8 Dodging
 + Level 1.6 Stealth
 + Level 4.7 Shields
 * Level 4.9 Spellcasting
 * Level 5.1 Invocations
 + Level 0.1 Evocations


You had 18 spell levels left.
You didn't know any spells.
Your spell library contained the following spells:

 Spells                   Type           Power      Damage    Failure   Level
 Magic Dart               Conj           20%        1d4       97%         1
 Summon Small Mammal      Summ           20%        N/A       97%         1
 Call Imp                 Summ           5%         N/A       99%         2
 Searing Ray              Conj           10%        3d3       99%         2
 Call Canine Familiar     Summ           5%         N/A       100%        3
 Dazzling Flash           Conj/Hex       10%        N/A       100%        3
 Summon Guardian Golem    Hex/Summ       5%         N/A       100%        3
 Fulminant Prism          Conj/Hex       2%         3d6       100%        4
 Iskenderun's Mystic Bla  Conj/Tloc      5%         2d3       100%        4
 Summon Ice Beast         Ice/Summ       5%         N/A       100%        4
 Summon Lightning Spire   Summ/Air       5%         N/A       100%        4


Dungeon Overview and Level Annotations

Branches:
Dungeon (9/15)             Temple (1/1) D:6            Lair (0/6) D:9
 Bailey (visited)
    Orc: D:9-12

Altars:
Ashenzari
Cheibriados
Dithmenos
Elyvilon
Fedhas
Gozag
Hepliaklqana
Kikubaaqudgha
Makhleb
Nemelex Xobeh
Okawaru
Qazlal
Ru
Sif Muna
Trog
Uskayaw
Vehumet
Wu Jian
Xom
Yredelemnul
Zin
The Shining One
Jiyva

Annotations:
D:3 1 runed translucent door, Crazy Yiuf


Innate Abilities, Weirdness & Mutations

You have razor-sharp toenails.
When hurt, damage is shared between your health and your magic reserves.
You regenerate magic rapidly.
When seriously injured, your bleeding wounds create armour. (AC +6)


Message History

You shoot a sling bullet.
The sling bullet completely misses the molten gargoyle.
The molten gargoyle hits you with a +0 morningstar!
Your blood congeals into armour.
You are engulfed in flames!
You are too injured to fight recklessly!
You are too injured to fight recklessly!
You are too injured to fight recklessly!
You are too injured to fight recklessly!
Unknown command.
Your +2 dagger of venom begins to drip with poison!
b - a +2 dagger of venom (weapon)
Unknown command.
You hit the molten gargoyle but do no damage.
You claw the molten gargoyle, but do no damage.
The molten gargoyle is severely damaged.
The molten gargoyle blasts magma at you!
The bolt of magma hits you!
You hit the molten gargoyle.
You claw the molten gargoyle, but do no damage.
The molten gargoyle is almost destroyed.
The molten gargoyle hits you with a +0 morningstar.
* * * LOW HITPOINT WARNING * * *
You are engulfed in flames!
* * * LOW HITPOINT WARNING * * *
Unknown command.
Unknown command.
Unknown command.
You feel better.
The molten gargoyle blasts magma at you!
The bolt of magma hits you!!
* * * LOW HITPOINT WARNING * * *
Unknown command.
Unknown command.
Unknown command.
Unknown command.
You hit the molten gargoyle but do no damage.
The molten gargoyle is almost destroyed.
The molten gargoyle blasts magma at you!
The bolt of magma hits you!!
You die...

###.....####+##......#...+.......
#.....# #......#...#.......
#...9.# #..###.....#.......
#..)..# #..#_'.....#.....#'
#.#.#.#.# #..###.....#.....#.
#.#.#.#.#.# #......#...#.....#.
..§§§≈§..## #......#...#.....#.
.≈§≈≈≈§.#.# +......#...#.....#.
.≈≈§≈≈≈≈.## #.@....#...#.....##
.§≈88§§.#. #9.....#...#.....#
.≈§88§≈..#. >(......#####.....+
.(.(#####.... ......# #.(... :...
(..... ..... #.... .... (....


You could see a molten gargoyle.

Vanquished Creatures
  2 two-headed ogres (D:8)
  An orc knight (Bailey)
  A manticore (D:9)
  A molten gargoyle (D:9)
  A centaur skeleton (D:8)
  A komodo dragon (D:9)
  A water moccasin (D:5)
  2 ice beasts
  3 sky beasts
  2 black bears
  3 orc warriors
  3 eyes of draining
  A necrophage (D:7)
  5 centaurs
  An ogre (D:8)
  2 phantoms
  A kobold brigand (D:6)
  4 bullfrogs
  2 scorpions
  5 wights (D:8)
  A howler monkey (D:5)
  A quasit (D:6)
  5 hounds
  A bullfrog skeleton (D:8)
  A centaur zombie (D:6)
  3 orc priests
  Jessica (D:3)
  2 iguanas
  10 orc wizards
  4 worker ants
  A worker ant zombie (D:8)
  Robin (D:3)
  4 gnolls (D:4)
  13 adders
  4 white imps
  2 oozes (D:3)
  3 worms
  A dart slug (D:4)
  3 leopard geckos
  33 orcs
  3 giant cockroaches
  22 goblins
  10 hobgoblins
  19 jackals
  3 quokkas
  4 ball pythons
  6 bats
  6 frilled lizards
  27 kobolds
  A quokka zombie (D:5)
  13 rats
250 creatures vanquished.

Vanquished Creatures (others)
  2 plants (D:9)
2 creatures vanquished.

Grand Total: 252 creatures vanquished

Notes
Turn   | Place    | Note
-------+----------+-------------------------------------------
     0 | D:1      | Morbidden the Demonspawn Fighter began the quest for the
                  | Orb.
     0 | D:1      | Reached XP level 1. HP: 18/18 MP: 1/1
   159 | D:1      | Gained mutation: You regenerate magic rapidly. [demonic
                  | ancestry]
   159 | D:1      | Reached XP level 2. HP: 22/24 MP: 2/2
  1095 | D:2      | Reached XP level 3. HP: 29/29 MP: 3/3
  1368 | D:2      | Gained mutation: When hurt, damage is shared between your
                  | health and your magic reserves. [demonic ancestry]
  1368 | D:2      | Reached XP level 4. HP: 27/35 MP: 4/4
  1499 | D:2      | Reached skill level 1 in Slings
  2351 | D:3      | Found a faded altar of an unknown god.
  2419 | D:3      | Gained mutation: When seriously injured, your bleeding
                  | wounds create armour. (AC +6) [demonic ancestry]
  2419 | D:3      | Reached XP level 5. HP: 37/42 MP: 5/5
  2546 | D:3      | Noticed Jessica
  2774 | D:3      | Noticed an eye of draining
  2779 | D:3      | Noticed an eye of draining
  2786 | D:3      | Killed an eye of draining
  2787 | D:3      | Reached skill level 1 in Dodging
  2787 | D:3      | Reached skill level 1 in Spellcasting
  2797 | D:3      | Killed an eye of draining
  2798 | D:3      | Reached skill level 4 in Fighting
  2798 | D:3      | Reached XP level 6. HP: 48/48 MP: 0/7
  2830 | D:3      | Found a bloodstained altar of Trog.
  3019 | D:3      | Found a runed translucent door.
  3020 | D:3      | Noticed Crazy Yiuf
  3441 | D:3      | Noticed Robin
  3461 | D:3      | Killed Robin
  3540 | D:3      | Killed Jessica
  4185 | D:4      | Found a blossoming altar of Fedhas.
  4426 | D:4      | Gained mutation: You have sharp toenails. [demonic
                  | ancestry]
  4426 | D:4      | Reached XP level 7. HP: 43/54 MP: 9/9
  4990 | D:4      | Found a radiant altar of Vehumet.
  5001 | D:4      | Found a broken altar of Ashenzari.
  5029 | D:4      | Found a shadowy altar of Dithmenos.
  5111 | D:5      | Entered Level 5 of the Dungeon
  6142 | D:5      | Reached skill level 5 in Fighting
  6161 | D:5      | Gained mutation: You have razor-sharp toenails. [demonic
                  | ancestry]
  6161 | D:5      | Reached XP level 8. HP: 43/62 MP: 9/11
  7095 | D:6      | Reached skill level 5 in Slings
  7202 | D:6      | Reached skill level 1 in Stealth
  7254 | D:6      | Found a staircase to the Ecumenical Temple.
  7277 | Temple   | Entered the Ecumenical Temple
  7334 | Temple   | Became a worshipper of Cheibriados the Contemplative
  7477 | D:6      | Reached skill level 1 in Short Blades
  7501 | D:6      | Found a shadowy altar of Dithmenos.
  7875 | D:7      | Reached skill level 1 in Invocations
  7875 | D:7      | Reached XP level 9. HP: 63/69 MP: 11/13
  7974 | D:7      | Reached * piety under Cheibriados
  8115 | D:7      | Reached skill level 6 in Fighting
  8370 | D:7      | Identified the +2 mace of the Hidden Vale {pain, rN++ Will-
                  | Str+4}
  8834 | D:8      | Noticed a two-headed ogre
  8844 | D:8      | Killed a two-headed ogre
  8845 | D:8      | Reached skill level 5 in Long Blades
  8858 | D:8      | Reached ** piety under Cheibriados
  8864 | D:8      | Found a flagged portal.
  8870 | Bailey   | Entered a bailey
  9165 | Bailey   | Noticed an orc knight
  9228 | Bailey   | Killed an orc knight
  9229 | Bailey   | Reached XP level 10. HP: 43/77 MP: 16/16
  9408 | Bailey   | Found an iron altar of Okawaru.
  9420 | Bailey   | Identified the +6 morningstar of Valour {vorpal, Dex+2
                  | Stlth+}
  9512 | D:8      | Found a shimmering blue altar of Sif Muna.
  9520 | D:8      | Noticed a two-headed ogre
  9530 | D:8      | Killed a two-headed ogre
  9961 | D:8      | Reached *** piety under Cheibriados
 10529 | D:9      | Noticed a manticore
 10546 | D:9      | Killed a manticore
 10783 | D:9      | Found a stormy altar of Qazlal.
 10887 | D:9      | Noticed a molten gargoyle
 10908 | D:9      | Killed a molten gargoyle
 10909 | D:9      | Reached skill level 7 in Fighting
 10909 | D:9      | Reached skill level 5 in Invocations
 10967 | D:9      | Noticed a molten gargoyle
 10976 | D:9      | Found a staircase to the Lair.
 10993 | D:9      | Reached skill level 5 in Armour
 11451 | D:9      | Found an ancient bone altar of Kikubaaqudgha.
 11501 | D:9      | Found a burning altar of Makhleb.
 11509 | D:9      | Noticed a molten gargoyle
 11524 | D:9      | HP: 1/79 [molten gargoyle/bolt of magma (16)]
 11525 | D:9      | Killed from afar by a molten gargoyle

Illustrated notes

Levels and vault maps discovered:
D:1:      dpeg_arrival_ratfight, layout_basic
D:2:      layout_loops_ring
D:3:      minmay_skewed_foursquare, layout_basic, trog_eyes_of_draining,
          chequers_ecumenical_altar_island, uniq_robin, uniq_crazy_yiuf_cottage,
          uniq_jessica
D:4:      layout_gridville, nicolae_overflow_quartered_altars
D:5:      layout_loops_ring, basic_altar, kennysheep_generic_room_10
D:6:      layout_cave_pools, minmay_temple_entry_slanted, serial_column_ruins,
          column_ruins_hut, column_ruins_hut, column_ruins_grid_1,
          column_ruins_grid_1, column_ruins_open_small, column_ruins_open_small,
          column_ruins_columns_straight, lemuel_altar_in_water
D:7:      layout_basic, elyvilon_altar_4
D:8:      layout_loops_cross, nicolae_overflow_crystal_walls, enter_bailey_3
D:9:      layout_gridville, general_overflow_altar, kennysheep_mini_moat,
          amethyst_overflow_temple_binary, david_lair_shrubbed, serial_shops,
          nicolae_shop_crystal, minivault_8
Temple:   pf_slimified_temple

Skill      XL: |  1  2  3  4  5  6  7  8  9 10 |
---------------+-------------------------------+-----
Long Blades    | 2 3 4 5 6 |  6.0
Armour         | 3 4 5 |  5.0
Shields        | 3 4 |  4.7
Slings         | 2 3 4 5 6 |  6.5
Dodging        | 1 2 3 4 |  4.8
Spellcasting   | 1 2 3 4 |  4.9
Fighting       | 4 5 6 7 |  7.0
Stealth        | 1 |  1.6
Short Blades   | 1 2 3 |  3.1
Invocations    | 1 3 5 |  5.1
Throwing       | |  0.7
Evocations     | |  0.1

Action                   |  1- 3 |  4- 6 |  7- 9 | 10-12 || total
-------------------------+-------+-------+-------+-------++-------
Melee: Long sword        |    93 |    41 |       |       ||   134
       Dagger            |       |    16 |   300 |   122 ||   438
       Kick              |       |       |   113 |    64 ||   177
 Fire: Fustibalus        |    29 |   240 |   321 |    53 ||   643
Throw: Dart              |       |       |     6 |     6 ||    12
       Javelin           |       |       |     1 |       ||     1
Evoke: Box of beasts     |       |       |     1 |       ||     1
       Condenser vane    |       |       |       |     1 ||     1
  Use: Scroll            |       |       |    14 |     2 ||    16
       Potion            |       |       |     4 |     6 ||    10
 Stab: Invisible         |       |       |     4 |       ||     4
Armor: Scale mail        |    68 |    75 |   227 |       ||   370
       Chain mail        |       |       |    62 |    54 ||   116
       Skin              |       |       |       |     3 ||     3
Dodge: Dodged            |    45 |    52 |   173 |    30 ||   300
Block: Kite shield       |    83 |    74 |   269 |    50 ||   476
       Rpst.: Long sword |     8 |     5 |       |       ||    13

Table legend: (Time is in decaauts)
 A = Elapsed time spent in this place.
 B = Non-inter-level travel time spent in this place.
 C = Inter-level travel time spent in this place.
 D = Time resting spent in this place.
 E = Time spent auto-exploring this place.
 F = Levels seen in this place.
 G = Mean time per level.
                   A        B        C        D        E       F      G
               +--------+--------+--------+--------+--------+-----+--------+
         Total |  12795 |  12435 |    360 |   1261 |   8438 |  11 | 1163.2 |
       Dungeon |  12026 |  11666 |    360 |    913 |   8300 |   9 | 1336.2 |
        Temple |     86 |     86 |      0 |      0 |     49 |   1 |   86.0 |
        Bailey |    682 |    682 |      0 |    348 |     89 |   1 |  682.0 |
               +--------+--------+--------+--------+--------+-----+--------+

Top non-repeatable levels by time:
     D:3: 1691 daAuts
     D:5: 1626 daAuts
     D:2: 1552 daAuts
     D:9: 1445 daAuts
     D:4: 1400 daAuts
     D:8: 1268 daAuts
     D:7: 1174 daAuts
     D:1: 938 daAuts
     D:6: 929 daAuts
  Bailey: 682 daAuts
  Temple: 86 daAuts
